 Dungeon Crawl Stone Soup version 0.29.0-13-gc9e81de378 (webtiles) character file.

Game seed: 12371835541900205388

644 Frenzy the Poker (level 7, -2/61 HPs)
             Began as a Minotaur Fighter on Sept 9, 2022.
             Was a Priest of Makhleb.
             Slain by an orc warrior
             ... wielding a +0 halberd
              (11 damage)
             ... on level 4 of the Dungeon.
             The game lasted 00:19:17 (2317 turns).

Frenzy the Poker (Minotaur Fighter)                 Turns: 2317, Time: 00:19:18

Health: -2/61      AC: 12    Str: 23    XL:     7   Next: 26%
Magic:  6/6        EV:  8    Int:  7    God:    Makhleb [***...]
Gold:   1339       SH:  5    Dex: 15    Spells: 6/6 levels left

rFire   . . .      SeeInvis .   g - +3 trident (flame)
rCold   . . .      Faith    +   c - +0 buckler
rNeg    . . .      Spirit   .   l - +0 chain mail
rPois   .          Reflect  .   (helmet restricted)
rElec   +          Harm     .   t - +1 cloak
rCorr   .          Rampage  .   (no gloves)
Will    .....                   (no boots)
Stlth   ..........              j - amulet of faith
HPRegen 0.20/turn               x - ring of Temp {rElec Will- Int+2 Dex+6}
MPRegen 0.10/turn               (no ring)

@: weak-willed
A: horns 2, retaliatory headbutt
a: Renounce Religion, Minor Destruction, Lesser Servant of Makhleb


You were on level 4 of the Dungeon.
You worshipped Makhleb.
Makhleb was most pleased with you.
You visited 1 branch of the dungeon, and saw 4 of its levels.

You collected 1339 gold pieces.

Inventory:

Hand Weapons
 a - a +0 trident of venom
 g - a +3 trident of flaming (weapon)
Armour
 c - a +0 buckler (worn)
 l - a +0 chain mail (worn)
 t - a +1 cloak (worn)
Jewellery
 j - an amulet of faith (around neck)
 x - the ring of Temp (left hand) {rElec Will- Int+2 Dex+6}
   (You found it on level 3 of the Dungeon)

   [ring of dexterity]

   Int:       It affects your intelligence (+2).
   Dex:       It affects your dexterity (+6).
   rElec:     It insulates you from electricity.
   Will:      It decreases your willpower.
Wands
 p - a wand of paralysis (12)
 w - a wand of flame (20)
Scrolls
 e - 5 scrolls of identify
 h - 2 scrolls of poison
 m - a scroll of immolation
 o - a scroll of enchant armour
 q - a scroll of fear
 r - a scroll of brand weapon
Potions
 d - 3 potions of might
 f - a potion of resistance
 i - 2 potions of lignification
 n - a potion of curing
 v - 2 potions of invisibility


   Skills:
 + Level 5.6 Fighting
 + Level 5.9 Polearms
 + Level 5.7 Armour
 + Level 2.5 Dodging
 + Level 0.1 Stealth
 + Level 4.8 Shields


You had 6 spell levels left.
You didn't know any spells.
Your spell library contained the following spells:

 Spells                   Type           Power      Damage    Failure   Level
 Sublimation of Blood     Necr           0%         N/A       100%        2
 Wereblood                Tmut           0%         N/A       100%        2
 Summon Hydra             Summ           0%         N/A       100%        7


Dungeon Overview and Level Annotations

Branches:
Dungeon (4/15)
 Temple: D:4-7

Altars:
Kikubaaqudgha
Makhleb

Shops:
D:4 :


Innate Abilities, Weirdness & Mutations

You have a pair of horns on your head.
You reflexively headbutt those who attack you in melee.


Message History

The orc warrior hits you from afar with a +0 halberd.
* * * LOW HITPOINT WARNING * * *
You feel better. The orc closely misses you.
The orc warrior hits you from afar with a +0 halberd.
* * * LOW HITPOINT WARNING * * *
You puncture the orc! You burn the orc.
You kill the orc!
Makhleb accepts your kill.
The orc hits you from afar with a +0 trident.
* * * LOW HITPOINT WARNING * * *
The orc warrior hits you from afar with a +0 halberd.
* * * LOW HITPOINT WARNING * * *
You feel much better. The orc barely misses you.
You hit the orc warrior. You burn the orc warrior.
The orc warrior is moderately wounded.
The orc hits you but does no damage. You block the orc warrior's attack.
You hit the orc warrior but do no damage.
The orc warrior is moderately wounded.
The orc hits you but does no damage. You block the orc warrior's attack.
You hit the orc warrior. You burn the orc warrior.
Your headbutt misses the orc warrior.
The orc warrior is heavily wounded.
The orc closely misses you. The orc warrior barely misses you.
You hit the orc warrior. You burn the orc warrior.
The orc warrior is severely wounded.
The orc hits you but does no damage.
The orc warrior hits you with a +0 halberd!
* * * LOW HITPOINT WARNING * * *
You hit the orc warrior but do no damage.
You headbutt the orc warrior.
The orc warrior is almost dead.
The orc hits you but does no damage.
The orc warrior hits you with a +0 halberd!
* * * LOW HITPOINT WARNING * * *
You closely miss the orc warrior.
The orc warrior is almost dead.
The orc closely misses you.
The orc warrior hits you with a +0 halberd!
You die...

...#..[....... #...........
##...........
##............ ###
###......<...... ##..###
#.∩.............
.......#####...............
.........##................
.........#@................
........oo###..............
..........####.............
...........# ##............
...........# #....#.......
............# ########.....
............# ##....
............# ##...
.............# .


You could see an orc warrior and an orc.

Vanquished Creatures
  The ghost of LabCoat the Trooper, an amateur HOFi (D:3)
  2 scorpions (D:4)
  A water moccasin skeleton (D:3)
  A bullfrog zombie (D:3)
  An orc priest (D:3)
  A hound (D:3)
  Crazy Yiuf (D:3)
  Jessica (D:2)
  Natasha (D:4)
  Terence (D:3)
  Robin (D:2)
  4 gnolls (D:2)
  5 adders
  A worm (D:2)
  A dart slug (D:2)
  13 orcs
  4 ball pythons
  6 bats
  5 endoplasms
  2 giant cockroaches
  9 goblins
  6 hobgoblins
  5 jackals
  6 kobolds
  6 quokkas
  5 frilled lizards
  6 rats
96 creatures vanquished.

Vanquished Creatures (others)
  16 plants
16 creatures vanquished.

Grand Total: 112 creatures vanquished

Notes
Turn   | Place    | Note
-------+----------+-------------------------------------------
     0 | D:1      | Frenzy the Minotaur Fighter began the quest for the Orb.
     0 | D:1      | Reached XP level 1. HP: 19/19 MP: 0/0
    61 | D:1      | Reached XP level 2. HP: 25/27 MP: 1/1
   181 | D:1      | Reached XP level 3. HP: 22/33 MP: 2/2
   221 | D:1      | Found a faded altar of an unknown god.
   231 | D:1      | Prayed at the altar of an unknown god.
   231 | D:1      | Became a worshipper of Makhleb the Destroyer
   231 | D:1      | Reached * piety under Makhleb
   304 | D:2      | Noticed Robin
   319 | D:2      | Killed Robin
   383 | D:2      | Reached XP level 4. HP: 17/41 MP: 3/3
   740 | D:2      | Reached ** piety under Makhleb
  1054 | D:2      | Reached skill level 1 in Dodging
  1102 | D:2      | Noticed Jessica
  1108 | D:2      | Killed Jessica
  1109 | D:2      | Reached XP level 5. HP: 43/47 MP: 4/4
  1295 | D:3      | Identified a scroll of acquirement
  1295 | D:3      | Acquired 1170 gold pieces
  1392 | D:3      | Noticed Terence
  1405 | D:3      | Killed Terence
  1428 | D:3      | Reached skill level 5 in Fighting
  1470 | D:3      | Reached XP level 6. HP: 50/56 MP: 5/5
  1582 | D:3      | Reached *** piety under Makhleb
  1632 | D:3      | Reached skill level 5 in Armour
  1684 | D:3      | Found a transporter.
  1691 | D:3      | Noticed LabCoat's ghost (amateur HOFi)
  1692 | D:3      | Found a transporter.
  1915 | D:3      | Found a runed translucent door.
  1916 | D:3      | Noticed Crazy Yiuf
  1922 | D:3      | Killed Crazy Yiuf
  1923 | D:3      | Reached skill level 5 in Polearms
  2105 | D:3      | Killed LabCoat's ghost
  2138 | D:3      | Identified the ring of Temp {rElec Will- Int+2 Dex+6}
  2156 | D:4      | Found an ancient bone altar of Kikubaaqudgha.
  2162 | D:4      | Reached XP level 7. HP: 49/61 MP: 6/6
  2256 | D:4      | Noticed Natasha
  2262 | D:4      | Killed Natasha
  2280 | D:4      | Found Ziguumuo's Book Emporium.
  2317 | D:4      | Slain by an orc warrior

Illustrated notes

Levels and vault maps discovered:
D:1:      pf_arrival_petrified_forest, layout_rooms,
          ebering_ecumenical_altar_mist
D:2:      layout_basic, nrook_campfire, nrook_loot_triangle,
          minmay_misc_feat_iff, nicolae_grassy_gnolls, uniq_robin, uniq_jessica
D:3:      layout_basic, gammafunk_ghost_mausoleum, chequers_big_river,
          wad_floor_pattern_1, uniq_crazy_yiuf_cottage, uniq_terence
D:4:      minmay_bubble_buster, layout_cave_pods, mainiacjoe_overflow_brackets,
          fedhas_altar_2, serial_shops, shop, shop, shop, uniq_natasha

Skill      XL: |  1  2  3  4  5  6 |
---------------+-------------------+-----
Fighting       | 4 5 |  5.6
Shields        | 4 |  4.8
Armour         | 4 5 |  5.7
Polearms       | 3 4 5 |  5.9
Dodging        | 1 2 |  2.5
Stealth        | |  0.1

Action                   |  1- 3 |  4- 6 |  7- 9 || total
-------------------------+-------+-------+-------++-------
Melee: Trident           |    65 |   138 |    18 ||   221
       Headbutt          |    15 |    22 |     3 ||    40
  Use: Scroll            |     3 |     5 |     6 ||    14
       Potion            |       |       |     2 ||     2
Armor: Scale mail        |    36 |     5 |       ||    41
       Chain mail        |       |    57 |    14 ||    71
Dodge: Dodged            |    44 |    45 |    13 ||   102
Block: Buckler           |    19 |    29 |     7 ||    55
